PIO (24 & UNDER)
CHULA VISTA TACOS @ SALEM SLEDGEHAMMERS
09/07/2026
 
TOP OF THE 1ST
Chula Vista Tacos batting - Pitching for Salem Sledgehammers : LHP Miguel Galván
Pitching: LHP Miguel Galván
Batting: RHB Gustavo Torres 0-0: Swinging Strike
0-1: Ball
1-1: Ball
2-1: Foul Ball, location: 2F
2-2: Foul Ball, location: 2F
2-2: Ball
3-2: Foul Ball, location: 2F
3-2: Strikes out swinging
Batting: LHB Jaime Icaza 0-0: Called Strike
0-1: Ball
1-1: Swinging Strike
1-2: Strikes out swinging
Batting: RHB Johnny Williams 0-0: Ball
1-0: Ball
2-0: Ball
3-0: Base on Balls
Batting: RHB Joel Carlson 0-0: Called Strike
0-1: Called Strike
0-2: Foul Ball, location: 2F
0-2: Ball
1-2: Foul Ball, location: 2F
1-2: Strikes out swinging
Top of the 1st over - 0 run(s), 0 hit(s), 0 error(s), 1 left on base; Chula Vista 0 - Salem 0
BOTTOM OF THE 1ST
Salem Sledgehammers batting - Pitching for Chula Vista Tacos : RHP Roberto Carrillo
Pitching: RHP Roberto Carrillo
Batting: RHB Luis Bustamante 0-0: Fly out, F4 (Popup, 3F)
Batting: LHB José Rivera 0-0: Ball
1-0: SINGLE (Groundball, 34D)
Batting: LHB Nathan Frey 0-0: Ball
1-0: Called Strike
1-1: Foul Ball, location: 2F
1-2: Foul Ball, location: 2F
1-2: Ball
2-2: Ball
3-2: SINGLE (Groundball, 4MD)
José Rivera to second
José Rivera to third
Batting: SHB Enrique Uribe 0-0: SINGLE (Line Drive, 78S)
José Rivera scores
Nathan Frey to second
Batting: RHB Bobby Miller 0-0: Called Strike
0-1: Ball
1-1: Fly out, F7 (Flyball, 7S)
Batting: SHB Júlio Salazar 0-0: Called Strike
0-1: Fielders Choice at 2nd, U4 (Groundball, 4M)
Bottom of the 1st over - 1 run(s), 3 hit(s), 0 error(s), 2 left on base; Chula Vista 0 - Salem 1
TOP OF THE 2ND
Chula Vista Tacos batting - Pitching for Salem Sledgehammers : LHP Miguel Galván
Batting: SHB Walt Rodgers 0-0: Ball
1-0: Called Strike
1-1: SINGLE (Popup, 13S)
Batting: LHB Joe Baker 0-0: Called Strike
0-1: Ball
1-1: Swinging Strike
1-2: Strikes out swinging
Batting: RHB Dave King 0-0: Swinging Strike
0-1: Swinging Strike
0-2: Ball
1-2: Ball
2-2: Strikes out looking
Batting: RHB Ron Garrett 0-0: Foul Ball, location: 2F
0-1: Fielders Choice at 2nd, 5-4 (Groundball, 56)
Top of the 2nd over - 0 run(s), 1 hit(s), 0 error(s), 0 left on base; Chula Vista 0 - Salem 1
BOTTOM OF THE 2ND
Salem Sledgehammers batting - Pitching for Chula Vista Tacos : RHP Roberto Carrillo
Batting: RHB Patrick Daniels 0-0: Called Strike
0-1: Ball
1-1: Ball
2-1: Foul Ball, location: 2F
2-2: Strikes out swinging
Batting: LHB Caleb Hall 0-0: Ball
1-0: Called Strike
1-1: Ball
2-1: Ball
3-1: Called Strike
3-2: DOUBLE (Line Drive, 7D)
Batting: RHB Lakota O'Reilly 0-0: Ball
1-0: Foul Ball, location: 2F
1-1: Ball
2-1: Foul Ball, location: 2F
2-2: Ground out U3 (Groundball, 3)
Caleb Hall to third
Batting: RHB Luis Bustamante 0-0: Ball
1-0: Foul Ball, location: 2F
1-1: Ball
2-1: Foul Ball, location: 2F
2-2: Strikes out looking
Bottom of the 2nd over - 0 run(s), 1 hit(s), 0 error(s), 1 left on base; Chula Vista 0 - Salem 1
TOP OF THE 3RD
Chula Vista Tacos batting - Pitching for Salem Sledgehammers : LHP Miguel Galván
Batting: LHB Michael Myers 0-0: Fly out, F9 (Line Drive, 89M)
Batting: RHB Gustavo Torres 0-0: Swinging Strike
0-1: Fly out, F9 (Flyball, 9M)
Batting: LHB Jaime Icaza 0-0: Ball
1-0: Ball
2-0: Ball
3-0: Called Strike
3-1: Foul Ball, location: 2F
3-2: Base on Balls
Batting: RHB Johnny Williams 0-0: Called Strike
0-1: Ball
Jaime Icaza is caught stealing 2nd base
Top of the 3rd over - 0 run(s), 0 hit(s), 0 error(s), 0 left on base; Chula Vista 0 - Salem 1
BOTTOM OF THE 3RD
Salem Sledgehammers batting - Pitching for Chula Vista Tacos : RHP Roberto Carrillo
Batting: LHB José Rivera 0-0: Ball
1-0: Ball
2-0: Ball
3-0: Base on Balls
Batting: LHB Nathan Frey 0-0: Ball
1-0: Called Strike
1-1: Grounds into double play, 4-6-3 (Groundball, 4)
Batting: SHB Enrique Uribe 0-0: Called Strike
0-1: Ball
1-1: Foul Ball, location: 2F
1-2: Ball
2-2: Strikes out swinging
Bottom of the 3rd over - 0 run(s), 0 hit(s), 0 error(s), 0 left on base; Chula Vista 0 - Salem 1
TOP OF THE 4TH
Chula Vista Tacos batting - Pitching for Salem Sledgehammers : LHP Miguel Galván
Batting: RHB Johnny Williams 0-0: Called Strike
0-1: Foul Ball, location: 2F
0-2: Foul Ball, location: 2F
0-2: Strikes out swinging
Batting: RHB Joel Carlson 0-0: Ball
1-0: Ball
2-0: Foul Ball, location: 2F
2-1: Foul Ball, location: 2F
2-2: Strikes out looking
Batting: SHB Walt Rodgers 0-0: Called Strike
0-1: Ball
1-1: Called Strike
1-2: Fly out, F9 (Flyball, 89D)
Top of the 4th over - 0 run(s), 0 hit(s), 0 error(s), 0 left on base; Chula Vista 0 - Salem 1
BOTTOM OF THE 4TH
Salem Sledgehammers batting - Pitching for Chula Vista Tacos : RHP Roberto Carrillo
Batting: RHB Bobby Miller 0-0: Called Strike
0-1: Ball
1-1: Called Strike
1-2: Foul Ball, location: 2F
1-2: Ball
2-2: Ball
3-2: Base on Balls
Batting: SHB Júlio Salazar 0-0: Ball
1-0: Fielders Choice at 2nd, 6-4 (Groundball, 6M)
Batting: RHB Patrick Daniels 0-0: Called Strike
0-1: Ball
Wild Pitch!
Júlio Salazar to second
1-1: Foul Ball, location: 2F
1-2: Strikes out swinging
Batting: LHB Caleb Hall 0-0: Ball
1-0: Foul Ball, location: 2F
1-1: Foul Ball, location: 2F
1-2: Ball
2-2: Foul Ball, location: 2F
2-2: Foul Ball, location: 2F
2-2: Ball
3-2: Foul Ball, location: 2F
3-2: Strikes out swinging
Bottom of the 4th over - 0 run(s), 0 hit(s), 0 error(s), 1 left on base; Chula Vista 0 - Salem 1
TOP OF THE 5TH
Chula Vista Tacos batting - Pitching for Salem Sledgehammers : LHP Miguel Galván
Batting: LHB Joe Baker 0-0: Ball
1-0: Ball
2-0: Called Strike
2-1: Ball
3-1: Base on Balls
Batting: RHB Dave King 0-0: Called Strike
0-1: Ball
1-1: Ball
2-1: Ball
3-1: SINGLE (Line Drive, 7LM)
Joe Baker to second
Batting: RHB Ron Garrett 0-0: Called Strike
0-1: Fly out, F8 (Flyball, 89S)
Batting: LHB Michael Myers 0-0: Ball
1-0: Ball
Joe Baker steals 3rd base
Dave King to second
2-0: SINGLE (Groundball, 6MD)
Joe Baker scores
Dave King to third
Runner from 3rd tries for Home, SAFE, throw made home
Michael Myers to second
Batting: RHB Gustavo Torres 0-0: Intentional Walk
Batting: LHB Jaime Icaza 0-0: Ball
Michael Myers steals 3rd base
Gustavo Torres to second
1-0: Ball
2-0: Ball
3-0: Base on Balls
Batting: RHB Johnny Williams 0-0: Foul Ball, location: 2F
0-1: Foul Ball, location: 2F
0-2: Strikes out looking
Pitching: RHP Claudio Cuevas
Batting: RHB Joel Carlson 0-0: Fly out, F7 (Flyball, 78M)
Top of the 5th over - 2 run(s), 2 hit(s), 0 error(s), 3 left on base; Chula Vista 2 - Salem 1
BOTTOM OF THE 5TH
Salem Sledgehammers batting - Pitching for Chula Vista Tacos : RHP Roberto Carrillo
Batting: RHB Lakota O'Reilly 0-0: Ball
1-0: Ball
2-0: Ball
3-0: Called Strike
3-1: Foul Ball, location: 2F
3-2: Base on Balls
Batting: RHB Luis Bustamante 0-0: Ball
1-0: Called Strike
Lakota O'Reilly steals 2nd base
1-1: Ball
2-1: Ball
3-1: SINGLE (Groundball, 56D)
Lakota O'Reilly to third
Runner from 3rd tries for Home, throw and OUT!
Batting: LHB José Rivera 0-0: Called Strike
0-1: Foul Ball, location: 2F
0-2: Foul Ball, location: 2F
0-2: Foul Ball, location: 2F
0-2: Strikes out swinging
Pitching: RHP Bobby Booker
Batting: LHB Nathan Frey 0-0: Called Strike
0-1: Foul Ball, location: 2F
0-2: Strikes out swinging
Bottom of the 5th over - 0 run(s), 1 hit(s), 0 error(s), 1 left on base; Chula Vista 2 - Salem 1
TOP OF THE 6TH
Chula Vista Tacos batting - Pitching for Salem Sledgehammers : RHP Claudio Cuevas
Batting: SHB Walt Rodgers 0-0: Ball
1-0: Foul Ball, location: 2F
1-1: Ball
2-1: Ball
3-1: Called Strike
3-2: Strikes out swinging
Batting: LHB Joe Baker 0-0: Ball
1-0: Called Strike
1-1: Swinging Strike
1-2: Ball
2-2: Ball
3-2: Strikes out swinging
Batting: RHB Dave King 0-0: Ball
1-0: Called Strike
1-1: Ball
2-1: Ground out 4-3 (Groundball, 4)
Top of the 6th over - 0 run(s), 0 hit(s), 0 error(s), 0 left on base; Chula Vista 2 - Salem 1
BOTTOM OF THE 6TH
Salem Sledgehammers batting - Pitching for Chula Vista Tacos : RHP Bobby Booker
Batting: SHB Enrique Uribe 0-0: Swinging Strike
0-1: Swinging Strike
0-2: Ball
1-2: Foul Ball, location: 2F
1-2: Foul Ball, location: 2F
1-2: Strikes out swinging
Batting: RHB Bobby Miller 0-0: Ground out 6-3 (Groundball, 6)
Batting: SHB Júlio Salazar 0-0: Called Strike
0-1: Swinging Strike
0-2: Ball
1-2: Strikes out swinging
Bottom of the 6th over - 0 run(s), 0 hit(s), 0 error(s), 0 left on base; Chula Vista 2 - Salem 1
TOP OF THE 7TH
Chula Vista Tacos batting - Pitching for Salem Sledgehammers : RHP Claudio Cuevas
Batting: RHB Ron Garrett 0-0: Called Strike
0-1: Ball
1-1: Called Strike
1-2: Ball
2-2: Ground out 4-3 (Groundball, 4)
Pitching: LHP Pepe Gómez
Batting: LHB Michael Myers 0-0: Ball
1-0: Foul Ball, location: 2F
1-1: Ground out 6-3 (Groundball, 6)
Batting: RHB Gustavo Torres 0-0: Ball
1-0: Ball
2-0: SINGLE (Line Drive, 6MD)
Pitching: RHP Blake Koepke
Batting: LHB Jaime Icaza 0-0: Foul Ball, location: 2F
0-1: Fielders Choice at 2nd, U4 (Groundball, 4M)
Top of the 7th over - 0 run(s), 1 hit(s), 0 error(s), 1 left on base; Chula Vista 2 - Salem 1
BOTTOM OF THE 7TH
Salem Sledgehammers batting - Pitching for Chula Vista Tacos : RHP Bobby Booker
Batting: RHB Patrick Daniels 0-0: Ball
1-0: Fly out, F9 (Flyball, 9M)
Batting: LHB Caleb Hall 0-0: Ball
1-0: Ball
2-0: Ball
3-0: Base on Balls
Batting: RHB Lakota O'Reilly 0-0: Called Strike
0-1: Swinging Strike
0-2: Ball
1-2: Ball
2-2: Ball
3-2: Strikes out swinging
Batting: RHB Luis Bustamante 0-0: Ball
1-0: Ball
2-0: Ball
3-0: Called Strike
3-1: Swinging Strike
3-2: Strikes out swinging
Bottom of the 7th over - 0 run(s), 0 hit(s), 0 error(s), 1 left on base; Chula Vista 2 - Salem 1
TOP OF THE 8TH
Chula Vista Tacos batting - Pitching for Salem Sledgehammers : RHP Blake Koepke
Batting: RHB Johnny Williams 0-0: Ball
1-0: Called Strike
1-1: Foul Ball, location: 2F
1-2: Ball
2-2: Ball
3-2: Strikes out swinging
Batting: RHB Joel Carlson 0-0: Ball
1-0: Foul Ball, location: 2F
1-1: SINGLE (Line Drive, 4MD)
Batting: SHB Walt Rodgers 0-0: Ball
1-0: Ground out U3 (Groundball, 3S)
Joel Carlson to second
Pinch Hitting: LHB Steven Smith 0-0: Intentional Walk
Pinch Runner at 2nd Gonzalo Benítez:
Batting: RHB Dave King 0-0: SINGLE (Groundball, 34S)
Gonzalo Benítez to third
Steven Smith to second
Runner from 3rd tries for Home, SAFE, no throw or cutoff
Pinch Hitting: RHB Manny Torrez 0-0: Called Strike
0-1: Fly out, F4 (Popup, 4MS)
Top of the 8th over - 1 run(s), 2 hit(s), 0 error(s), 2 left on base; Chula Vista 3 - Salem 1
BOTTOM OF THE 8TH
Salem Sledgehammers batting - Pitching for Chula Vista Tacos : RHP Bobby Booker
Pitching: RHP Rick Hernández
Now at 1B: Steven Smith
Now at SS: Michael Aisher
Batting: LHB José Rivera 0-0: Fly out, F8 (Flyball, 8LD)
Batting: LHB Nathan Frey 0-0: SINGLE (Groundball, 23) (infield hit)
Batting: SHB Enrique Uribe 0-0: Fielders Choice at 2nd, 4-6 (Groundball, 34)
Batting: RHB Bobby Miller 0-0: Called Strike
0-1: Ball
1-1: Foul Ball, location: 2F
1-2: Foul Ball, location: 2F
1-2: Fly out, F9 (Flyball, 89M)
Bottom of the 8th over - 0 run(s), 1 hit(s), 0 error(s), 1 left on base; Chula Vista 3 - Salem 1
TOP OF THE 9TH
Chula Vista Tacos batting - Pitching for Salem Sledgehammers : RHP Blake Koepke
Pitching: RHP Norberto Deleón
Batting: LHB Michael Myers 0-0: Called Strike
0-1: Swinging Strike
0-2: Hit by Pitch
Batting: RHB Gustavo Torres 0-0: Called Strike
0-1: Swinging Strike
0-2: Foul Ball, location: 2F
0-2: Strikes out swinging
Batting: LHB Jaime Icaza 0-0: Foul Ball, location: 2F
0-1: Called Strike
0-2: Ball
1-2: Ball
Michael Myers is caught stealing 2nd base
2-2: Strikes out swinging
Top of the 9th over - 0 run(s), 0 hit(s), 0 error(s), 0 left on base; Chula Vista 3 - Salem 1
BOTTOM OF THE 9TH
Salem Sledgehammers batting - Pitching for Chula Vista Tacos : RHP Rick Hernández
Pitching: LHP Brock Saunders
Batting: SHB Júlio Salazar 0-0: Ball
1-0: Foul Ball, location: 2F
1-1: Ball
2-1: Ball
3-1: Ground out 6-3 (Groundball, 6M)
Batting: RHB Patrick Daniels 0-0: Ball
1-0: Ball
2-0: Ball
3-0: Base on Balls
Pinch Hitting: RHB Gilberto Silva 0-0: Ball
1-0: Ball
2-0: Ball
3-0: Called Strike
3-1: Called Strike
3-2: Base on Balls
Patrick Daniels to second
Batting: RHB Lakota O'Reilly 0-0: Ball
1-0: Called Strike
1-1: DOUBLE (Flyball, 8RXD)
Patrick Daniels scores
Gilberto Silva to third
Runner from 3rd tries for Home, SAFE, no throw or cutoff
Batting: RHB Luis Bustamante 0-0: Called Strike
0-1: Ball
1-1: Called Strike
1-2: Strikes out swinging
Batting: LHB José Rivera 0-0: Called Strike
0-1: Ball
1-1: Foul Ball, location: 2F
1-2: Foul Ball, location: 2F
1-2: Ball
2-2: Ball
3-2: Base on Balls
Batting: LHB Nathan Frey 0-0: Foul Ball, location: 2F
0-1: Called Strike
0-2: Strikes out swinging
Bottom of the 9th over - 2 run(s), 1 hit(s), 0 error(s), 2 left on base; Chula Vista 3 - Salem 3
TOP OF THE 10TH
Chula Vista Tacos batting - Pitching for Salem Sledgehammers : RHP Norberto Deleón
Now at 3B: José García
Batting: RHB Johnny Williams 0-0: Called Strike
0-1: Ball
1-1: SINGLE (Line Drive, 6D)
Batting: LHB Gonzalo Benítez 0-0: Ball
1-0: Swinging Strike
1-1: Fly out, F6 (Popup, 6)
Batting: SHB Walt Rodgers 0-0: Called Strike
0-1: Foul Ball, location: 2F
0-2: Foul Ball, location: 2F
0-2: Ball
1-2: Strikes out looking
Johnny Williams steals 2nd base
Batter strikes out.
Batting: LHB Steven Smith 0-0: Intentional Walk
Batting: RHB Dave King 0-0: Ball
1-0: Foul Ball, location: 2F
1-1: Called Strike
1-2: Ball
2-2: Foul Ball, location: 2F
2-2: Ball
3-2: SINGLE (Line Drive, 6MD)
Johnny Williams to third
Steven Smith to second
Johnny Williams scores
Steven Smith to third
Batting: SHB Michael Aisher 0-0: Swinging Strike
Pickoff Throw to First - Out!
Top of the 10th over - 1 run(s), 2 hit(s), 0 error(s), 0 left on base; Chula Vista 4 - Salem 3
BOTTOM OF THE 10TH
Salem Sledgehammers batting - Pitching for Chula Vista Tacos : LHP Brock Saunders
Batting: SHB Enrique Uribe 0-0: Ball
1-0: Ball
2-0: Ball
3-0: Fly out, F9 (Flyball, 89D)
Batting: RHB Bobby Miller 0-0: Ball
1-0: Ball
2-0: Ball
3-0: Called Strike
3-1: Ground out 6-3 (Groundball, 56D)
Batting: SHB Júlio Salazar 0-0: Called Strike
0-1: Hit by Pitch
Pinch Hitting: RHB Glenn Broadwater 0-0: Ball
1-0: Ball
2-0: 2-RUN HOME RUN (Line Drive, 7D), Distance : 401 ft
Monday, December 5th, 2016 - OOTP Baseball 17.12 Build 75